 Dungeon Crawl Stone Soup version 0.31-a0-188-g5e087ee2ca (webtiles) character file.

Game seed: 6995274929294651077

218 qw the Skirmisher (level 5, -1/29 HPs)
             Began as a Deep Elf Hunter on June 23, 2023.
             Slain by an orc priest
             ... wielding a +0 whip
              (3 damage)
             ... on level 4 of the Dungeon.
             The game lasted 00:00:52 (2394 turns).

qw the Skirmisher (Deep Elf Hunter)                 Turns: 2394, Time: 00:00:53

Health: -1/29      AC:  5    Str: 10    XL:     5   Next: 63%
Magic:  7/7        EV: 12    Int: 14    God:
Gold:   126        SH:  0    Dex: 18    Spells: 4/4 levels left

rFire   + . .        Y - +0 shortbow
rCold   + . .        (shield currently unavailable)
rNeg    . . .        l - +2 leather armour {Will+}
rPois   .            (no helmet)
rElec   .            j - scarf {rC+ rF+}
rCorr   .            (no gloves)
SInv    .            (no boots)
Will    ++...        (no amulet)
Stlth   ++           e - ring of willpower
HPRegen 0.24/turn    (no ring)
MPRegen 0.10/turn

%: no passive effects
@: no status effects
A: no striking features
a: no special abilities


You were on level 4 of the Dungeon.
You visited 1 branch of the dungeon, and saw 4 of its levels.

You collected 126 gold pieces.


   Skills:
 - Level 1.5 Fighting
 - Level 9.2 Ranged Weapons
 + Level 2.5 Dodging
 - Level 1.2 Stealth


You had 4 spell levels left.
You didn't know any spells.
Your spell library was empty.

Inventory:

Hand Weapons
 Y - a +0 shortbow (weapon)
Armour
 c - a +0 ring mail
 j - a scarf of resistance (worn)
 l - a +2 leather armour of willpower (worn)
Jewellery
 d - a ring of ice
 e - a ring of willpower (left hand)
Scrolls
 b - a scroll of identify
 k - a scroll of enchant weapon {unknown}
 n - a scroll of amnesia {unknown}
Potions
 a - a potion of might
 f - a potion of brilliance {unknown}
 g - a potion of cancellation
 h - a potion of heal wounds {unknown}
 i - a potion of mutation {unknown}
 m - a potion of lignification {unknown}

Dungeon Overview and Level Annotations

Branches:
Dungeon (4/15)
 Temple: D:4-7

Altars:
Ashenzari
Hepliaklqana


Message History

You shoot an arrow. The arrow hits the goblin.
You kill the goblin!
An orc comes into view.
It is wielding a +0 falchion of protection.
2382 ||| FLEEEEING.
2383 ||| FLEEEEING.
There is a stone staircase leading down here.
2384 ||| STILL FLEEEEING.
2385 ||| STILL FLEEEEING. 2 orc priests come into view.
A ball python comes into view.
2386 ||| Stepping ~*~*~tactically~*~*~ (outnumbered).
2387 ||| STILL FLEEEEING.
The orc priest shouts!
The orc priest invokes the aid of Beogh against you.
Beogh smites you!
The ball python hisses angrily.
You shoot an arrow. The arrow hits the orc!
You kill the orc!
2389 ||| Stepping ~*~*~tactically~*~*~ (outnumbered).
2390 ||| STILL FLEEEEING.
You shoot an arrow.
The arrow closely misses the orc priest.
The orc priest hits you but does no damage.
You shoot an arrow. The arrow hits the orc priest.
The orc priest is moderately wounded.
The orc priest barely misses you. The ball python barely misses you.
The ball python misses you.
You shoot an arrow.
The arrow hits the orc priest but does no damage.
The orc priest is moderately wounded.
The orc priest mumbles some strange prayers to Beogh against you.
You resist with almost no effort. The ball python misses you.
The ball python closely misses you.
You shoot an arrow. The arrow hits the orc priest.
The orc priest is moderately wounded.
The ball python bites you. The ball python misses you.
The orc priest calls upon Beogh to heal the orc priest.
The orc priest's wounds heal themselves!
The orc priest hits you with a +0 whip.
You die...

#.. #.. .. #..
... ##
#)#####...
#.###...).... #
#.#.###.###..#.
#>.##...##...
##.#So...#.#
#.@o......#
###.....#.#
##...## ##.##
#.# #.# #.# #.#
#.###


You could see 2 orc priests and a ball python.

Vanquished Creatures
  An ogre (D:4)
  A hound (D:3)
  3 adders
  A shadow imp (D:3)
  2 worms
  2 orcs
  5 ball pythons
  4 endoplasms
  A giant cockroach (D:3)
  6 goblins
  5 hobgoblins (D:1)
  6 jackals
  5 quokkas
  9 bats
  3 frilled lizards
  4 kobolds
  7 rats
65 creatures vanquished.

Notes
Turn   | Place    | Note
-------+----------+-------------------------------------------
     0 | D:1      | qw the Deep Elf Hunter began the quest for the Orb.
     0 | D:1      | Reached XP level 1. HP: 12/12 MP: 3/3
     0 | D:1      | 0 ||| qw: Version: 0.3-a-9-g12657ce
     0 | D:1      | 0 ||| qw: Game counter: 3669
     0 | D:1      | 0 ||| qw: Always use a shield: true
     0 | D:1      | 0 ||| qw: God list: Okawaru
     0 | D:1      | 0 ||| qw: Allow faded altars: false
     0 | D:1      | 0 ||| qw: Do Orc after D:15 true
     0 | D:1      | 0 ||| qw: Do second Lair branch before Depths: true
     0 | D:1      | 0 ||| qw: Lair rune preference: random
     0 | D:1      | 0 ||| qw: Plans: Normal
     0 | D:1      | 0 ||| PLANNING D:1-11
   412 | D:1      | Reached XP level 2. HP: 16/16 MP: 4/4
   436 | D:1      | Reached skill level 6 in Ranged Weapons
   838 | D:1      | 838 ||| UPGRADING to ring of willpower.
   839 | D:1      | 839 ||| READING scroll labelled SOROON TALA.
   840 | D:1      | 840 ||| DROPPING scroll of butterflies.
  1009 | D:2      | Reached XP level 3. HP: 20/20 MP: 5/5
  1124 | D:2      | Reached skill level 7 in Ranged Weapons
  1511 | D:2      | 1511 ||| UPGRADING to scarf of resistance.
  1516 | D:2      | 1516 ||| UPGRADING to +2 leather armour of willpower.
  1526 | D:2      | 1526 ||| DROPPING +0 leather armour.
  1527 | D:2      | 1527 ||| READING 5 scrolls labelled HYBYLO MOHALUMUCU.
  1528 | D:2      | 1528 ||| READING scroll labelled DOKHARRA YNKU.
  1529 | D:2      | 1529 ||| READING scroll labelled TIJUWNO ZUEGO.
  1530 | D:2      | 1530 ||| DRINKING 2 fizzy pink potions.
  1531 | D:2      | 1531 ||| READING 4 scrolls of identify.
  1531 | D:2      | 1531 ||| IDENTIFYING bubbling clear potion
  1532 | D:2      | 1532 ||| READING 3 scrolls of identify.
  1532 | D:2      | 1532 ||| IDENTIFYING cyan potion
  1533 | D:2      | 1533 ||| READING 2 scrolls of identify.
  1533 | D:2      | 1533 ||| IDENTIFYING red potion
  1534 | D:2      | 1534 ||| DROPPING potion of magic.
  1535 | D:2      | 1535 ||| DROPPING potion of attraction.
  1536 | D:2      | 1536 ||| DROPPING potion of invisibility.
  1614 | D:3      | Reached XP level 4. HP: 25/25 MP: 6/6
  1732 | D:3      | Reached skill level 8 in Ranged Weapons
  2177 | D:3      | Found a hazy altar of Hepliaklqana.
  2184 | D:3      | 2184 ||| DRINKING 2 silvery potions.
  2229 | D:4      | Found a broken altar of Ashenzari.
  2375 | D:4      | Noticed an ogre
  2380 | D:4      | Killed an ogre
  2381 | D:4      | Reached skill level 9 in Ranged Weapons
  2381 | D:4      | Reached XP level 5. HP: 13/29 MP: 7/7
  2382 | D:4      | 2382 ||| FLEEEEING.
  2383 | D:4      | 2383 ||| FLEEEEING.
  2386 | D:4      | 2386 ||| Stepping ~*~*~tactically~*~*~ (outnumbered).
  2387 | D:4      | HP: 2/29 [orc priest/divine providence (13)]
  2389 | D:4      | 2389 ||| Stepping ~*~*~tactically~*~*~ (outnumbered).
  2394 | D:4      | HP: 2/29 [ball python (2)]
  2394 | D:4      | Slain by an orc priest

Levels and vault maps discovered:
D:1:      erik_arrival_triangle_small, layout_basic
D:2:      layout_loops_ring
D:3:      layout_loops_ring, worldfamousw_hep_ancestral_shrine,
          grunt_decor_fettered, grunt_decor_junction, chequers_garden
D:4:      layout_loops_ring, lemuel_doored_altar, lemuel_tele_altar,
          ashenzari_conservatory_becter, nrook_mini_vaults, feat_on_display

Skill      XL: |  1  2  3  4 |
---------------+-------------+-----
Ranged Weapons | 6 7 9 |  9.2
Fighting       | |  1.5
Dodging        | |  2.5
Stealth        | |  1.2

Action                     |  1- 3 |  4- 6 || total
---------------------------+-------+-------++-------
   Fire: Shortbow          |    92 |    91 ||   183
    Use: Scroll            |     7 |       ||     7
         Potion            |     1 |     1 ||     2
 Armour: Leather armour    |     6 |    10 ||    16
  Dodge: Dodged            |    22 |    26 ||    48

Table legend:
 A = Non-vault XP
 B = Vault XP
 C = Vault XP percentage of total XP
 D = Non-vault monster count
 E = Vault monster count
 F = Vault count percentage of total count
                 A         B        C        D         E       F
            +---------+---------+-------+---------+---------+-------
      Total |     312 |       0 |   0.0 |      65 |       0 |   0.0
            +---------+---------+-------+---------+---------+-------
        D:1 |      37 |       0 |   0.0 |      21 |       0 |   0.0
        D:2 |      41 |       0 |   0.0 |      16 |       0 |   0.0
        D:3 |     108 |       0 |   0.0 |      22 |       0 |   0.0
        D:4 |     126 |       0 |   0.0 |       6 |       0 |   0.0
            +---------+---------+-------+---------+---------+-------
